Map: 2000 Atmospheres LE

Players

Has - Winner!

  • Race: Protoss Protoss

Rex

  • Race: Zerg Zerg
  • League: Grandmaster

Event: DreamHack SC2 Masters 2021 Summer

VOD

Have the link to the VOD?

Description

Time

  • Played on: May 20, 2021, 7:50 a.m.
  • Length: 14:39

All games in this series

Show
View Real Time Build Order
Export as new Build Order

Has Protoss - Winner!

Build Orders: 1 Gate Expand, Chargelot Immortal 

Get SALT Encoding   

  12  0:00  Probe  
  13  0:12  Probe  
  14  0:19  Pylon  
  14  0:24  Probe  
  15  0:30  Assimilator  
  15  0:37  Probe (Chrono Boost)  
  16  0:43  Gateway  
  16  0:47  Probe (Chrono Boost)  
  17  0:52  Probe (Chrono Boost)  
  18  1:03  Probe  
  19  1:15  Probe  
  20  1:22  Nexus  
  20  1:32  Cybernetics Core  
  20  1:34  Probe  
  20  1:39  Assimilator  
  21  1:48  Pylon  
  21  1:49  Probe  
  22  2:01  Probe  
  22  2:06  Stalker (Chrono Boost)  
  23  2:09  Warp Gate  
  23  2:14  Forge  
  25  2:17  Probe  
  26  2:28  Adept  
  29  2:32  Probe (Chrono Boost)  
  29  2:34  Probe (Chrono Boost)  
  30  2:43  Protoss Ground Weapons Level 1 (Chrono Boost)  
  32  2:45  Probe (Chrono Boost)  
  32  2:47  Probe (Chrono Boost)  
  33  2:53  Probe (Chrono Boost), Twilight Council  
  34  2:59  Probe x2 (Chrono Boost)  
  35  3:07  Probe  
  35  3:10  Probe  
  35  3:11  Gateway  
  37  3:16  Gateway  
  37  3:22  Gateway  
  37  3:24  Probe  
  37  3:26  Charge (Chrono Boost)  
  39  3:28  Zealot  
  40  3:35  Probe  
  40  3:39  Probe  
  40  3:40  Pylon  
  42  3:47  Probe  
  43  3:53  Probe  
  44  4:04  Nexus  
  44  4:05  Pylon  
  44  4:07  Zealot x2  
  48  4:11  Robotics Facility  
  49  4:24  Zealot, Dark Shrine  
  49  4:25  Zealot  
  49  4:28  Zealot  
  49  4:29  Zealot  
  52  4:34  Probe  
  52  4:36  Probe  
  41  4:46  Probe, Zealot x2  
  41  4:49  Gateway x2  
  46  4:52  Zealot  
  46  4:57  Zealot  
  50  5:02  Warp Prism (Chrono Boost)  
  52  5:09  Probe x2  
  54  5:15  Zealot x3  
  54  5:18  Zealot  
  54  5:20  Probe  
  63  5:23  Probe  
  63  5:24  Probe  
  63  5:26  Protoss Ground Armor Level 1 (Chrono Boost)  
  65  5:33  Probe  
  66  5:39  Probe  
  66  5:40  Probe, Immortal (Chrono Boost)  
  72  5:45  Sentry  
  72  5:46  Sentry  
  76  5:50  Pylon  
  76  5:53  Probe  
  76  5:55  Pylon x2  
  77  6:02  Probe  
  77  6:08  Probe x2  
  77  6:10  Dark Templar  
  81  6:14  Gateway x2  
  81  6:15  Probe  
  81  6:17  Zealot x2  
  86  6:19  Immortal (Chrono Boost)  
  86  6:24  Probe  
  91  6:33  Probe  
  91  6:38  Probe  
  91  6:45  Zealot  
  91  6:46  Zealot x3, Pylon  
  99  6:48  Pylon  
  99  6:52  Pylon  
  99  6:53  Pylon  
  99  6:55  Pylon  
  99  6:57  Zealot  
  99  7:00  Warp Prism (Chrono Boost)  
  101  7:07  Photon Cannon  
  103  7:18  Probe x3  
  104  7:25  Zealot x4  
  104  7:26  Zealot x4  
  102  7:31  Probe  
  102  7:32  Immortal (Chrono Boost)  
  101  7:44  Zealot x2  
  101  7:46  Zealot x6  
  101  8:05  Immortal (Chrono Boost)  
  101  8:07  Zealot x3  
  101  8:08  Zealot x2  
  101  8:09  Zealot  
  93  8:13  Probe x2  
  93  8:18  Zealot x3  
  93  8:19  Zealot x5  
  99  8:32  Nexus  
  99  8:36  Immortal (Chrono Boost)  
  99  8:39  Zealot x7  
  117  8:42  Zealot  
  103  9:00  Zealot x7  
  103  9:02  Zealot  
  103  9:05  Immortal (Chrono Boost)  
  91  9:24  Zealot x8  
  87  9:34  Immortal (Chrono Boost)  
  83  9:40  Zealot x3  
  83  9:41  Zealot x5  
  91  9:47  Probe x2  
  91  9:49  Probe  
  91  9:51  Protoss Ground Weapons Level 2 (Chrono Boost)  
  94  9:56  Blink  
  94  10:01  Dark Templar  
  94  10:02  Dark Templar  
  94  10:05  Zealot  
  94  10:06  Warp Prism (Chrono Boost), Zealot x5  
  112  10:09  Probe  
  114  10:14  Probe  
  114  10:15  Pylon  
  114  10:26  Zealot x2  
  114  10:27  Zealot x4  
  126  10:34  Immortal (Chrono Boost)  
  108  10:50  Zealot x8  
  96  11:08  Immortal (Chrono Boost)  
  96  11:09  Robotics Facility  
  96  11:10  Zealot x5  
  96  11:11  Zealot x3  
  116  11:14  Assimilator x2  
  100  11:41  Zealot x8  
  100  11:42  Immortal (Chrono Boost)  
  116  11:48  Gateway  
  116  11:51  Photon Cannon, Gateway  
  116  11:53  Shield Battery  
  116  11:58  Gateway  
  116  12:01  Stalker  
  116  12:02  Stalker x6  
  116  12:04  Stalker  
  132  12:24  Stalker  
  132  12:25  Stalker  
  136  12:30  Nexus, Zealot  
  136  12:32  Pylon  
  136  12:34  Observer (Chrono Boost)  
  139  12:43  Stalker x2  
  143  12:55  Stalker x2  
  143  12:57  Zealot x5  
  155  13:02  Probe x3  
  155  13:03  Probe  
  149  13:17  Stalker x2  
  149  13:18  Stalker x3  
  135  13:27  Stalker x2  
  135  13:28  Zealot x3  
  143  13:36  Probe  
  134  13:43  Stalker x3  
  134  13:45  Zealot x3  
  113  13:58  Probe  
  113  14:02  Stalker x4  
  114  14:04  Probe x3  
  113  14:12  Stalker x2  
  113  14:13  Zealot x2  
  113  14:14  Zealot x3  
Show
View Real Time Build Order
Export as new Build Order

Rex Zerg 

Build Orders: Hatch First 

Get SALT Encoding   

  12  0:00  Drone  
  13  0:12  Overlord  
  13  0:17  Drone  
  14  0:31  Drone x2  
  16  0:48  Hatchery  
  15  0:51  Drone  
  15  0:55  Drone  
  17  0:58  Drone  
  18  1:09  Extractor  
  17  1:13  Spawning Pool  
  17  1:16  Drone  
  17  1:19  Drone  
  18  1:28  Drone  
  19  1:39  Drone  
  20  1:45  Hatchery  
  19  1:52  Drone  
  20  1:59  Queen  
  22  2:03  Drone  
  23  2:09  Queen  
  23  2:13  Drone  
  26  2:18  Overlord  
  26  2:21  Zergling x2  
  27  2:23  Zergling x2  
  27  2:28  Metabolic Boost  
  28  2:38  Drone x3  
  31  2:49  Queen  
  31  2:50  Drone x2  
  35  2:56  Queen  
  37  3:05  Overlord  
  37  3:06  Drone x3  
  37  3:08  Drone  
  37  3:11  Drone  
  42  3:24  Drone x3  
  42  3:25  Drone x3  
  48  3:30  Roach Warren  
  48  3:32  Overlord  
  47  3:38  Overlord  
  47  3:39  Drone x2  
  49  3:44  Zergling x2  
  49  3:46  Overlord  
  50  3:53  Zergling x10  
  55  3:59  Overlord  
  55  4:00  Zergling x2  
  55  4:01  Zergling x4  
  55  4:02  Extractor  
  57  4:04  Zergling x4  
  57  4:08  Zergling x4  
  57  4:09  Zergling x2  
  62  4:12  Zergling x4  
  62  4:16  Lair  
  64  4:19  Evolution Chamber  
  64  4:21  Drone  
  64  4:22  Drone x2  
  66  4:27  Drone  
  66  4:30  Drone x4  
  69  4:32  Drone  
  69  4:34  Drone  
  69  4:35  Drone  
  69  4:37  Drone  
  67  4:39  Drone  
  67  4:44  Drone  
  64  4:46  Drone x3, Extractor  
  64  4:51  Overlord  
  66  4:52  Zerg Missile Weapons Level 1  
  66  4:56  Overlord  
  66  4:59  Overlord  
  66  5:01  Roach  
  68  5:08  Roach x3  
  74  5:14  Overlord  
  74  5:15  Roach x3  
  81  5:21  Roach x3  
  81  5:25  Extractor  
  81  5:26  Spine Crawler  
  83  5:29  Overseer  
  83  5:39  Drone x10  
  83  5:40  Overlord  
  83  5:42  Glial Reconstitution  
  93  5:44  Drone x2  
  95  5:50  Extractor  
  95  5:51  Baneling Nest  
  95  5:53  Drone  
  95  5:54  Drone  
  95  5:56  Roach x2  
  95  5:57  Roach  
  101  5:59  Roach  
  103  6:05  Roach x3  
  103  6:06  Drone  
  103  6:07  Drone  
  103  6:10  Extractor  
  110  6:12  Overlord  
  110  6:14  Overlord  
  110  6:22  Roach x2  
  110  6:23  Overlord  
  114  6:31  Drone x5  
  115  6:35  Drone  
  115  6:37  Drone x2  
  115  6:39  Drone x3  
  120  6:40  Drone x3  
  120  6:46  Drone  
  121  6:47  Zerg Missile Weapons Level 2  
  121  6:57  Baneling x8  
  121  6:58  Ravager x4  
  121  6:59  Zergling x10  
  130  7:05  Zergling x4  
  132  7:09  Roach x3  
  132  7:14  Overlord  
  132  7:15  Overlord x4  
  133  7:25  Zergling x2, Roach x2  
  133  7:29  Zergling x4, Roach  
  124  7:37  Roach x5  
  124  7:43  Overseer  
  124  7:44  Roach x5  
  139  7:50  Roach  
  129  7:55  Roach x2  
  129  7:58  Overseer  
  125  8:03  Roach x4  
  125  8:04  Roach x2  
  120  8:15  Roach x3  
  120  8:23  Queen  
  120  8:26  Queen  
  126  8:27  Roach x3  
  126  8:29  Ravager x4  
  134  8:37  Roach x3  
  140  8:43  Ravager  
  140  8:44  Roach  
  140  8:46  Roach  
  145  8:49  Roach  
  137  8:57  Roach x3  
  112  9:06  Roach  
  112  9:07  Roach  
  114  9:11  Roach  
  114  9:12  Roach x3  
  116  9:17  Roach  
  116  9:21  Roach x2  
  115  9:28  Roach  
  100  9:32  Queen x2, Roach x2  
  100  9:36  Roach  
  100  9:37  Roach x3  
  102  9:40  Roach x2  
  102  9:43  Roach  
  102  9:44  Roach x3  
  108  9:45  Roach  
  108  9:47  Roach  
  108  9:48  Ravager  
  108  9:49  Ravager  
  108  9:52  Roach  
  114  9:56  Roach x2  
  118  10:02  Queen  
  118  10:05  Zergling x6  
  123  10:16  Roach  
  123  10:17  Roach x2  
  123  10:18  Zerg Melee Weapons Level 1  
  129  10:23  Ravager  
  129  10:25  Baneling x6  
  129  10:26  Roach x3  
  136  10:31  Overseer  
  129  10:46  Roach x7  
  129  10:49  Roach x3  
  139  10:55  Roach x2  
  133  10:59  Roach  
  123  11:07  Queen, Roach x2  
  129  11:14  Zergling x2  
  129  11:17  Roach x2  
  134  11:19  Roach  
  134  11:22  Hatchery  
  135  11:27  Roach x2  
  131  11:33  Roach  
  131  11:37  Roach  
  131  11:39  Roach x3  
  127  11:41  Roach x2  
  131  11:47  Zergling x2  
  131  11:50  Centrifical Hooks  
  131  11:51  Zergling x8  
  131  11:53  Zergling x2  
  137  11:55  Ravager  
  137  11:56  Ravager  
  137  11:57  Ravager  
  137  11:58  Baneling x2  
  140  12:01  Zergling x4  
  140  12:07  Zergling x2  
  143  12:10  Baneling x2  
  143  12:11  Baneling x2  
  143  12:12  Queen  
  143  12:13  Queen, Zerg Melee Weapons Level 2  
  143  12:14  Zergling x4  
  149  12:17  Baneling x3  
  149  12:18  Baneling  
  149  12:19  Baneling x2  
  149  12:22  Baneling  
  149  12:23  Baneling x3  
  149  12:24  Zergling x2  
  150  12:32  Ravager x4  
  154  12:37  Zergling x12  
  154  12:39  Baneling x3  
  154  12:40  Baneling  
  154  12:41  Baneling  
  160  12:47  Roach x2  
  160  12:50  Roach  
  165  12:54  Roach  
  165  12:55  Roach  
  168  13:01  Roach x2  
  172  13:06  Roach  
  172  13:07  Roach x2  
  172  13:15  Zergling x12  
  172  13:17  Zergling x2  
  172  13:19  Zergling x2  
  157  13:21  Roach  
  157  13:23  Roach  
  157  13:24  Roach  
  152  13:27  Zergling x4  
  152  13:30  Zergling x2  
  138  13:40  Roach  
  138  13:41  Roach x3  
  126  13:42  Roach  
  126  13:44  Ravager  
  126  13:46  Roach  
  126  13:47  Roach  
  103  13:50  Roach  
  103  13:51  Roach  
  89  13:59  Roach x2  
  89  14:01  Roach  
  84  14:06  Roach x2  
  76  14:10  Roach  
  76  14:14  Roach x2  
  76  14:16  Roach  
Tags
 
Add a new tag
Caveats
  • Supply blocks, unpowered buildings, or Contaminate may cause inaccurate times.
  • Supply counts are checked every 10 seconds.